Construct Section Command Post
Selects Air and Sea Battlegroup
Construct Platoon Command Post
Selects Commando Section Paradrop
Commando Section Paradrop
Construct Company Command Post
Selects M1 Pack Howitzer Paradrop
Unlock M3 Grant Medium Tanks
Selects Incendiary Bombing Run
Commando Section Paradrop
Construct Field Infirmary
6-pounder Anti-tank Gun Team
Selects Centaur Medium Tank
Selects Naval Bombardment